 Dungeon Crawl Stone Soup version 0.25-a0-287-g56a5b49892 (webtiles) character file.

Game seed: 4204542491016186423, levelgen mode: deterministic

7 Esekla the Skirmisher (level 1, -20/13 HPs)
             Began as a Deep Elf Abyssal Knight on Dec 12, 2019.
             Was a Follower of Lugonu.
             Killed from afar by a ynoxinul (30 damage)
             ... with an iron shot
             ... on level 3 of the Abyss.
             The game lasted 00:01:59 (148 turns).

Esekla the Skirmisher (Deep Elf Abyssal Knight)      Turns: 148, Time: 00:02:00

Health: -20/13     AC:  3    Str:  9    XL:     1   Next: 83%
Magic:  4/4        EV: 13    Int: 14    God:    Lugonu [*.....]
Gold:   0          SH:  0    Dex: 21    Spells: 0/0 levels left

rFire    . . .     SeeInvis .   d - +8 mace "Utiamyin" {flame, Int-2 Dex+7}
rCold    . . .     Gourm    .   (no shield)
rNeg     . . .     Faith    .   b - +0 leather armour
rPois    .         Spirit   .   (no helmet)
rElec    .         Reflect  .   (no cloak)
rCorr    .         Harm     .   (no gloves)
MR       .....                  (no boots)
Stlth    ++........             (no amulet)
HPRegen  0.04/turn              (no ring)
MPRegen  0.09/turn              (no ring)

@: no status effects
A: no striking features
a: Depart the Abyss, Renounce Religion


You were on level 3 of the Abyss.
You worshipped Lugonu.
Lugonu was aware of your devotion.
You were not hungry.

You visited 0 branches of the dungeon, and saw 0 of its levels.
You visited the Abyss 1 time.

Inventory:

Hand Weapons
 a - a +1 falchion
 d - the +8 mace "Utiamyin" (weapon) {flame, Int-2 Dex+7}
   (You found it on level 2 of the Abyss)

   It has been specially enchanted to burn those struck by it, causing extra
   injury to most foes and up to half again as much damage against particularly
   susceptible opponents.
   It affects your intelligence (-2).
   It affects your dexterity (+7).
 f - a cursed -2 trident
Armour
 b - a +0 leather armour (worn)
Wands
 e - a wand of acid (6)
Scrolls
 g - a scroll of remove curse {unknown}
Comestibles
 c - a ration


   Skills:
 + Level 2.6 Fighting
 * Level 1.9 Long Blades
 + Level 0.8 Armour
 + Level 2.5 Dodging
 + Level 2.0 Invocations


You couldn't memorise any spells.
You didn't know any spells.
Your spell library contained the following spells:

 Spells                   Type           Power        Failure   Level  Hunger
 Irradiate                Conj/Tmut      #.........   100%        5    ######.
 Hydra Form               Tmut           #.........   100%        6    #######
 Statue Form              Tmut/Erth      #........    100%        6    #######
 Dragon Form              Tmut           #.........   100%        7    #######


Dungeon Overview and Level Annotations

Branches:
Dungeon (0/15)

Altars:


Message History

A white imp comes into view.
Found a flail.
The white imp shouts, "Return whence thou came, thou canting base-court erk!"
You hit the white imp. You burn the white imp.
The white imp is heavily wounded.
The white imp hits you. The white imp freezes you.
You hit the white imp. You burn the white imp.
You kill the white imp!
You start resting.
A ynoxinul appears in a shower of sparks.
A raiju comes into view.
Found 38 gold pieces.
A raiju comes into view.
A chaos spawn comes into view.
A ynoxinul comes into view.
The ynoxinul bellows!
The ynoxinul gestures.
The ynoxinul gestures at you. The iron shot hits you!!
Ouch! That really hurt!
You die...

........#.# .#.. #. ...
#...##$. ..##
#.#....#.##..#######.#..
.... ....#.#.... #.5.# .
...#....#....#.3.. # ##
#...#.#...#.#.## . .
..##.##.....#...#
##.#............##
..##.#...#.##@...# # #
##4...#...#.#...# .#
.#.# #. .###...# #.
..#..#...... #.... 3 ##
.......#. ....# .
.#..#.. #.##.. ..# . ##
.


You could see a ynoxinul and an ufetubus.

Vanquished Creatures
  A white imp (Abyss:3)
1 creature vanquished.

Notes
Turn   | Place    | Note
-------+----------+-------------------------------------------
     0 | Abyss:1  | Esekla the Deep Elf Abyssal Knight began the quest for the
                  | Orb.
     0 | Abyss:1  | Reached XP level 1. HP: 13/13 MP: 4/4
    19 | Abyss:2  | Got a crude mace
    20 | Abyss:2  | Identified the +8 mace "Utiamyin" {flame, Int-2 Dex+7} (You
                  | found it on level 2 of the Abyss)
    30 | Abyss:3  | Found a corrupted altar of Lugonu.
    38 | Abyss:3  | Found a corrupted altar of Lugonu.
   135 | Abyss:3  | Noticed a ynoxinul
   135 | Abyss:3  | Noticed a raiju
   139 | Abyss:3  | Noticed a raiju
   139 | Abyss:3  | Noticed a chaos spawn
   145 | Abyss:3  | Noticed a ynoxinul
   148 | Abyss:3  | Killed from afar by a ynoxinul

Levels and vault maps discovered:
Abyss:3

Action                   || total
-------------------------++-------
Melee: Mace              ||     2

Table legend:
 A = Non-vault XP
 B = Vault XP
 C = Vault XP percentage of total XP
 D = Non-vault monster count
 E = Vault monster count
 F = Vault count percentage of total count
                 A         B        C        D         E       F
            +---------+---------+-------+---------+---------+-------
      Total |      10 |       0 |   0.0 |       1 |       0 |   0.0
            +---------+---------+-------+---------+---------+-------
    Abyss:3 |      10 |       0 |   0.0 |       1 |       0 |   0.0
            +---------+---------+-------+---------+---------+-------
